 Dungeon Crawl Stone Soup version 0.31.0-11-ge490571c62 (webtiles) character file.

Game seed: 9408042615425201585

226 cdecastro the Firebug (level 5, 0/28 HPs)
             Began as a Deep Elf Fire Elementalist on Jan 26, 2024.
             Was a Follower of Elyvilon.
             Slain by a kobold brigand
             ... wielding a +0 short sword
              (5 damage)
             ... on level 3 of the Dungeon.
             The game lasted 00:06:16 (3892 turns).

cdecastro the Firebug (Deep Elf Fire Elementalist)  Turns: 3892, Time: 00:06:16

Health: 0/28       AC:  3    Str:  5    XL:     5   Next: 69%
Magic:  6/11       EV: 13    Int: 22    God:    Elyvilon [*.....]
Gold:   130        SH:  0    Dex: 21    Spells: 4/10 levels left

rFire   + + .        k - staff of fire
rCold   . . .        (no shield)
rNeg    . . .        a - +0 robe
rPois   .            (no helmet)
rElec   .            (no cloak)
rCorr   .            r - +0 pair of gloves
SInv    .            (no boots)
Will    .....        s - amulet of faith
Stlth   ++           e - ring of protection from fire
HPRegen 0.24/turn    i - +6 ring of dexterity
MPRegen 0.12/turn

%: faith
@: lethally poisoned (0 -> -3), slowed, very slow
A: no striking features
a: Renounce Religion, Purification


You were on level 3 of the Dungeon.
You worshipped Elyvilon.
Elyvilon was aware of your devotion.
You visited 1 branch of the dungeon, and saw 3 of its levels.

You collected 130 gold pieces.

Inventory:

Hand Weapons
 m - a +0 dagger of protection
Missiles
 f - a throwing net
Armour
 a - a +0 robe (worn)
 r - a +0 pair of gloves (worn)
 u - the +1 ring mail of Ru's Approval {Int+2}
   (You found it on level 3 of the Dungeon)

   Int+2:     It affects your intelligence (+2).
Magical Staves
 k - a staff of fire (weapon)
Jewellery
 e - a ring of protection from fire (left hand)
 i - a +6 ring of dexterity (right hand)
 s - an amulet of faith (around neck)
Talismans
 q - a blade talisman
 t - a blade talisman
Wands
 l - a wand of acid (8)
Scrolls
 d - a scroll of teleportation {unknown}
 h - a scroll of butterflies {unknown}
 n - a scroll of identify {unknown}
 o - a scroll of blinking {unknown}
Potions
 b - a potion of magic
 c - a potion of lignification {unknown}
 g - 2 potions of mutation {unknown}
 j - 3 potions of curing {unknown}
 p - a potion of heal wounds {unknown}


   Skills:
 - Level 2.4 Dodging
 - Level 2.4 Stealth
 - Level 3.0 Spellcasting
 - Level 1.1 Conjurations
 + Level 7.1 Fire Magic


You had 4 spell levels left.
You knew the following spells:

 Your Spells              Type           Power      Damage    Failure   Level
a - Foxfire               Conj/Fire      100%       2x1d9     2%          1
b - Scorch                Fire           100%       2d9       1%          2
c - Inner Flame           Hex/Fire       28%        N/A       9%          3

Your spell library contained the following spells:

 Spells                   Type           Power      Damage    Failure   Level
 Volatile Blastmotes      Fire/Tloc      56%        2d14      9%          3
 Flame Wave               Conj/Fire      32%        2d9       22%         4


Dungeon Overview and Level Annotations

Branches:
Dungeon (3/15)

Altars:
Elyvilon
Uskayaw
Yredelemnul

Annotations:
D:3 2 transporters, gelatine's ghost, amateur DsSh


Message History

a +0 club; a kobold corpse As you open the door, it creaks loudly!
A kobold brigand and 2 kobolds come into view.
The kobold brigand is wielding a +0 short sword and quivering curare-tipped darts.
The kobold shouts!
The kobold brigand shouts!
The kobold shouts!
The kobold brigand throws a curare-tipped dart.
The curare-tipped dart hits you.
You are poisoned.
You have difficulty breathing.
You feel yourself slow down.
Casting: Foxfire (safe; 2% risk of failure)
Confirm with . or Enter, or press ? or * to list all spells.
You feel a surge of power!
You conjure some foxfire!
You feel very sick.
Unknown command.
Casting: Foxfire (safe; 2% risk of failure)
Confirm with . or Enter, or press ? or * to list all spells.
You feel a surge of power!
You conjure some foxfire!
You feel very sick.
The foxfire hits the kobold.
The kobold is heavily wounded.
The foxfire hits the kobold!
You kill the kobold!
Unknown command.
Casting: Foxfire (safe; 2% risk of failure)
Confirm with . or Enter, or press ? or * to list all spells.
You feel a surge of power!
Flames lash the kobold brigand.
The kobold brigand is heavily wounded.
The kobold brigand's fire resistance burns away.
You feel very sick.
The foxfire hits the kobold brigand!
The kobold brigand is burned terribly!
The kobold brigand is severely wounded.
The foxfire hits the kobold brigand.
The kobold brigand is almost dead.
Casting: Scorch (safe; 1% risk of failure)
Confirm with . or Enter, or press ? or * to list all spells.
You feel a surge of power!
You conjure some foxfire!
You feel sick.
The kobold brigand hits you with a +0 short sword.
* * * LOW HITPOINT WARNING * * *
The kobold brigand hits you with a +0 short sword.
You die...

###### ##################
#....# ......#.v§........
#....# ......KK@.........
##....#########v§.........
#......#.......)..########
'......'.......)..#
#......#.......^..########
##....#########...........
#....# ....'........... #(...#
....#...........
###')#########################


You could see a kobold brigand (combustible, ally target) and a kobold.

Vanquished Creatures
  A kobold brigand (D:3)
  4 gnolls (D:3)
  2 adders
  A dart slug (D:1)
  2 ribbon worms (D:2)
  9 bats
  9 endoplasms
  4 giant cockroaches (D:1)
  7 goblins
  6 hobgoblins
  25 kobolds
  7 quokkas
  6 ball pythons
  4 frilled lizards
  6 rats
93 creatures vanquished.

Vanquished Creatures (others)
  277 foxfires
277 creatures vanquished.

Grand Total: 370 creatures vanquished

Notes
Turn   | Place    | Note
-------+----------+-------------------------------------------
     0 | D:1      | cdecastro the Deep Elf Fire Elementalist began the quest
                  | for the Orb.
     0 | D:1      | Reached XP level 1. HP: 10/10 MP: 6/6
   326 | D:1      | Reached skill level 4 in Fire Magic
   326 | D:1      | Reached XP level 2. HP: 15/15 MP: 5/8
   843 | D:1      | Reached XP level 3. HP: 19/19 MP: 4/9
  1494 | D:2      | Learned a level 2 spell: Scorch
  1498 | D:2      | Learned a level 3 spell: Inner Flame
  1527 | D:2      | Reached skill level 5 in Fire Magic
  2076 | D:2      | Found a basalt altar of Yredelemnul.
  2326 | D:2      | Reached XP level 4. HP: 24/24 MP: 7/10
  2776 | D:3      | Found a white marble altar of Elyvilon.
  2794 | D:3      | Found a transporter.
  2802 | D:3      | Noticed an ogre
  2803 | D:3      | Noticed gelatine's ghost (amateur DsSh)
  2804 | D:3      | Noticed an ogre
  2805 | D:3      | Noticed an ogre
  2818 | D:3      | Became a worshipper of Elyvilon the Healer
  2910 | D:3      | Found a hide-covered altar of Uskayaw.
  3003 | D:3      | Identified the +1 ring mail of Ru's Approval {Int+2}
  3031 | D:3      | Found a faded altar of an unknown god.
  3233 | D:3      | Found a transporter.
  3298 | D:3      | Reached * piety under Elyvilon
  3519 | D:3      | Reached skill level 6 in Fire Magic
  3625 | D:3      | Noticed a kobold brigand
  3627 | D:3      | Reached XP level 5. HP: 28/28 MP: 3/11
  3719 | D:3      | Reached skill level 7 in Fire Magic
  3892 | D:3      | Slain by a kobold brigand

Illustrated notes

Levels and vault maps discovered:
D:1:      dpeg_arrival_rooms_c, layout_loops_corners, lexackson_kobold_supper
D:2:      layout_loops_corners, basic_altar
D:3:      minmay_goblin_kobold_castle, layout_loops_ring,
          mainiacjoe_overflow_small_starburst, old_standard_altar,
          gammafunk_ghost_smash, shapermc_ecumenical_altar_gd

Skill      XL: |  1  2  3  4  5 |
---------------+----------------+-----
Fire Magic     | 4 5 6 7 |  7.1
Dodging        | |  2.4
Stealth        | |  2.4
Spellcasting   | |  3.0
Conjurations   | |  1.1

Action                     |  1- 3 |  4- 6 || total
---------------------------+-------+-------++-------
   Cast: Foxfire           |    98 |    69 ||   167
         Scorch            |     3 |     4 ||     7
 Armour: Robe              |    10 |     3 ||    13
  Dodge: Dodged            |     7 |     2 ||     9
